 Dungeon Crawl Stone Soup version 0.21.0-3-g78d12a8 (webtiles) character file.

148 oplop the Changer (level 5, -1/33 HPs)
             Began as an Octopode Transmuter on Jan 10, 2018.
             Killed from afar by an orc wizard (11 damage)
             ... with a puff of flame
             ... on level 3 of the Dungeon.
             The game lasted 00:05:27 (2771 turns).

oplop the Changer (Octopode Transmuter)             Turns: 2771, Time: 00:05:27

Health: -1/33      AC:  1    Str: 11    XL:     5   Next: 30%
Magic:  6/10       EV: 13    Int: 15    God:
Gold:   70         SH:  0    Dex: 12    Spells: 5/11 levels left

rFire    . . .     SeeInvis .     - Unarmed
rCold    . . .     Gourm    .   (no shield)
rNeg     . . .     Faith    .   (helmet restricted)
rPois    .         Spirit   .   (no amulet)
rElec    .         Reflect  .   (no ring)
rCorr    .         Harm     .   (no ring)
MR       .....                  (no ring)
Stlth    ++........             (no ring)
HPRegen  0.11/turn              (no ring)
MPRegen  0.12/turn              (no ring)
                                (no ring)
                                (no ring)

@: drained
A: almost no armour, stealthy swim, amphibious, 8 rings, constrict 8, camouflage
1, gelatinous body 1
a: no special abilities


You were on level 3 of the Dungeon.
You were not hungry.

You visited 1 branch of the dungeon, and saw 3 of its levels.

You collected 70 gold pieces.

Inventory:

Missiles
 a - 20 arrows
Jewellery
 j - an uncursed amulet of harm
 o - an uncursed ring of wizardry {unknown}
Wands
 q - a wand of acid (8)
Scrolls
 d - 3 scrolls of immolation {unknown}
 e - 4 scrolls of identify {unknown}
 g - a scroll of remove curse {unknown}
 i - a scroll of fear {unknown}
 m - a scroll of teleportation {unknown}
 n - a scroll of enchant armour {unknown}
 p - a scroll of random uselessness {unknown}
Potions
 f - a potion of lignification {unknown}
 h - a potion of berserk rage {unknown}
 l - a potion of curing {unknown}
Books
 b - a book of Changes

   Spells                             Type                      Level
   a - Beastly Appendage              Transmutation                1
   b - Sticks to Snakes               Transmutation                2
   c - Spider Form                    Transmutation/Poison         3
   d - Ice Form                       Ice/Transmutation            4
   e - Blade Hands                    Transmutation                5
Comestibles
 c - 6 rations
 k - 4 chunks of flesh


   Skills:
 - Level 1.0(0.2) Fighting
 - Level 2.0(1.2) Dodging
 - Level 3.0(2.2) Unarmed Combat
 + Level 3.7(2.9) Spellcasting
 + Level 4.0(3.2) Transmutations


You had 5 spell levels left.
You knew the following spells:

 Your Spells              Type           Power        Failure   Level  Hunger
a - Beastly Appendage     Tmut           ##....       5%          1    #......
b - Spider Form           Tmut/Pois      #.........   30%         3    ###....
c - Sticks to Snakes      Tmut           ##......     9%          2    ##.....


Dungeon Overview and Level Annotations

Branches:
Dungeon (3/15)

Altars:
Hepliaklqana


Innate Abilities, Weirdness & Mutations

You cannot wear most types of armour.
You are very stealthy in the water. (Stealth+)
You are amphibious.
You can wear up to eight rings at the same time.
You can use your tentacles to constrict eight enemies at once.
Your skin changes colour to match your surroundings (Stealth+).
Your rubbery body absorbs attacks. (AC +1, EV +1)


Message History

The orc priest invokes the aid of Beogh against your adder.
Your adder writhes in agony!
Your adder dies!
The orc priest shouts!
The orc priest miscasts a cantrip.
The orc priest mumbles some strange prayers to Beogh against you.
Beogh smites you!
Your transformation has ended.
The orc priest hits you.
You barely miss the orc priest. You grab the orc priest.
The orc priest is almost dead.
You constrict the orc priest. The orc priest closely misses you.
You tentacle-slap the orc priest but do no damage.
The orc priest is almost dead.
You constrict the orc priest.
You kill the orc priest!
Your base Transmutations skill increases to level 4!
The orc wizard casts a spell at you. The puff of flame hits you!
You die...

..................
##########....####.#
.## #............ #
..#####........#####...
...#...........#......#
............##...####.#
............####......#
.......####.# #.######
............# #@#
............# #$#
............# #o#
............# ...
......#####.# .....
......# #.##......
......#####.##....###
##.#
..........#.####...
...# ..........# ####
#..###


You could see an orc wizard.

Vanquished Creatures
  2 orc priests (D:3)
  An orc wizard (D:3)
  An adder (D:3)
  A worm (D:2)
  2 dart slugs (D:1)
  2 leopard geckos (D:1)
  5 orcs
  2 bats (D:1)
  4 giant cockroaches
  8 goblins
  3 hobgoblins
  2 jackals (D:1)
  7 kobolds
  A quokka (D:2)
  2 frilled lizards
  2 rats
45 creatures vanquished.

Vanquished Creatures (collateral kills)
  2 worms (D:2)
  An orc (D:3)
3 creatures vanquished.

Grand Total: 48 creatures vanquished

Notes
Turn   | Place    | Note
-------+----------+-------------------------------------------
     0 | D:1      | oplop the Octopode Transmuter began the quest for the Orb.
     0 | D:1      | Reached XP level 1. HP: 13/13 MP: 3/3
   363 | D:1      | Reached XP level 2. HP: 18/18 MP: 5/5
  1002 | D:1      | Reached XP level 3. HP: 20/23 MP: 4/6
  1702 | D:2      | Reached skill level 3 in Transmutations
  1716 | D:2      | Learned a level 3 spell: Spider Form
  1719 | D:2      | Learned a level 2 spell: Sticks to Snakes
  2100 | D:2      | Found a hazy altar of Hepliaklqana.
  2352 | D:3      | Reached XP level 4. HP: 13/28 MP: 4/8
  2696 | D:3      | Reached XP level 5. HP: 28/33 MP: 10/10
  2771 | D:3      | Reached skill level 4 in Transmutations
  2771 | D:3      | Killed from afar by an orc wizard

Skill      XL: |  1  2  3  4  5 |
---------------+----------------+-----
Transmutations | 3 4 |  4.0
Spellcasting   | 3 |  3.7
Fighting       | |  1.0
Dodging        | |  2.0
Unarmed Combat | |  3.0

Action                   |  1- 3 |  4- 6 || total
-------------------------+-------+-------++-------
Melee: Unarmed           |    81 |    33 ||   114
       Constrict         |    22 |     8 ||    30
       Kick              |     9 |       ||     9
       Tentacles         |     8 |     5 ||    13
       Punch             |     1 |       ||     1
 Cast: Beastly Appendage |    12 |       ||    12
       Spider Form       |     4 |     4 ||     8
       Sticks to Snakes  |     3 |     2 ||     5
 Stab: Sleeping          |     5 |       ||     5
  Eat: Chunk             |     5 |       ||     5
       Ration            |       |     1 ||     1
Armor: Skin              |     5 |     1 ||     6
Dodge: Dodged            |    41 |    23 ||    64
